 Dungeon Crawl Stone Soup version 0.29-a0-352-g0917bc69df (webtiles) character file.

Game seed: 12734828986022388658

315068 drugrobin the Tortoise (level 19, -9/185 HPs)
             Began as a Demigod Fighter on Apr 14, 2022.
             Mangled by Asterion
             ... wielding a +4 demon trident of electrocution
              (20 damage)
             ... on level 1 of the Vaults on Apr 24, 2022.
             The game lasted 03:29:35 (72378 turns).

drugrobin the Tortoise (Demigod Fighter)           Turns: 72378, Time: 03:29:36

Health: -9/185     AC: 34    Str: 35    XL:     19   Next: 70%
Magic:  10/10      EV: 17    Int: 25    God:
Gold:   154        SH: 11    Dex: 23    Spells: 25/30 levels left

rFire   + . .      SeeInvis .   a - +2 broad axe (antimagic)
rCold   . . .      Faith    .   w - +0 buckler
rNeg    . . .      Spirit   .   k - +2 plate armour {rF+}
rPois   +          Reflect  +   x - +2 helmet {Int+3}
rElec   +          Harm     .   e - +2 cloak
rCorr   .          Rampage  .   M - +2 pair of gloves {hurl}
Will    +....      Rage     1%  p - +0 pair of boots of the Heron {Regen+ Dex+5}
Stlth   ..........              N - amulet of reflection
HPRegen 1.20/turn               Y - ring of the Hare {EV+8}
MPRegen 0.12/turn               X - ring "Keomn" {rElec rPois Str+6 Dex+5}

@: studying Bows
A: high MP 1, forlorn, divine attributes, berserk 1, poison resistance
}: 2/15 runes: barnacled, gossamer
a: no special abilities


You were on level 1 of the Vaults.
You visited 7 branches of the dungeon, and saw 35 of its levels.
You visited 1 bazaar.
You also visited: Sewer, Ice Cave and Volcano.

You collected 5288 gold pieces.
You spent 5134 gold pieces at shops.

Inventory:

Hand Weapons
 a - a +2 antimagic broad axe (weapon)
 b - a +4 war axe of electrocution
 c - a +2 hand axe of venom
Missiles
 r - 14 curare-tipped darts (quivered)
 A - 10 javelins
 P - 3 throwing nets
Armour
 e - a +2 cloak (worn)
 k - a +2 plate armour of fire resistance (worn)
 p - the +0 pair of boots of the Heron (worn) {Regen+ Dex+5}
   (You found it on level 4 of the Spider Nest)

   Dex:       It affects your dexterity (+5).
   Regen:     It increases your rate of health regeneration.
 w - a +0 buckler (worn)
 x - a +2 helmet of intelligence (worn)
 M - a +2 pair of gloves of hurling (worn)
Jewellery
 o - a ring of see invisible
 u - the ring "Udyhudo" {Ice rElec Will- rCorr Int+2}
   (You found it on level 1 of the Shoals)

   [ring of ice]

   It enhances your ice magic.
   Int:       It affects your intelligence (+2).
   rF:        It makes you vulnerable to fire.
   rC:        It protects you from cold.
   rElec:     It insulates you from electricity.
   rCorr:     It protects you from acid and corrosion.
   Will:      It decreases your willpower.
 G - an amulet of regeneration
 N - an amulet of reflection (around neck)
 R - a ring of fire
 X - the ring "Keomn" (right hand) {rElec rPois Str+6 Dex+5}
   (You bought it in a shop on level 2 of the Orcish Mines)

   [ring of strength]

   Str:       It affects your strength (+6).
   Dex:       It affects your dexterity (+5).
   rElec:     It insulates you from electricity.
   rPois:     It protects you from poison.
 Y - the ring of the Hare (left hand) {EV+8}
   (You took it off a deep elf blademaster on level 3 of the Elven Halls)

   [ring of evasion]

   EV:        It affects your evasion (+8).
Wands
 d - a wand of paralysis (7)
 n - a wand of acid (29)
 t - a wand of mindburst (5)
 F - a wand of digging (14)
 S - a wand of iceblast (24)
 V - a wand of polymorph (19)
Scrolls
 g - 8 scrolls of fog
 i - 20 scrolls of teleportation
 l - 4 scrolls of vulnerability
 q - 3 scrolls of blinking
 s - 2 scrolls of summoning
 z - 3 scrolls of silence
 I - 7 scrolls of fear
 L - 7 scrolls of immolation
 Z - 2 scrolls of magic mapping
Potions
 f - 17 potions of curing
 j - 7 potions of lignification
 m - a potion of cancellation
 v - a potion of heal wounds
 D - a potion of invisibility
 E - 8 potions of ambrosia
 H - 7 potions of attraction
 J - 4 potions of haste
 K - a potion of resistance
 O - 3 potions of might
 U - a potion of berserk rage
Miscellaneous
 h - a condenser vane
 y - a phantom mirror
 T - a phial of floods
 W - a box of beasts


   Skills:
 - Level 20.0 Fighting
 - Level 18.0 Axes
 - Level 20.4 Armour
 - Level 2.6 Shields
 - Level 6.0 Spellcasting
 + Level 7.6 Earth Magic
 - Level 10.0 Evocations


You had 25 spell levels left.
You knew the following spells:

 Your Spells              Type           Power      Damage    Failure   Level
a - Borgnjor's Vile Clut  Necr/Erth      13%        N/A       88%         5

Your spell library contained the following spells:

 Spells                   Type           Power      Damage    Failure   Level
 Animate Skeleton         Necr           14%        N/A       32%         1
 Apportation              Tloc           14%        N/A       32%         1
 Freeze                   Ice            28%        1d5       32%         1
 Slow                     Hex            28%        N/A       32%         1
 Summon Small Mammal      Summ           28%        N/A       32%         1
 Lee's Rapid Deconstruct  Erth           22%        3d14*     36%         5
 Corpse Rot               Necr/Air       14%        N/A       43%         2
 Ensorcelled Hibernation  Hex/Ice        14%        N/A       43%         2
 Poisonous Vapours        Pois/Air       14%        N/A       43%         2
 Static Discharge         Conj/Air       7%         N/A       43%         2
 Sublimation of Blood     Necr           7%         N/A       43%         2
 Wereblood                Tmut           7%         N/A       43%         2
 Petrify                  Tmut/Erth      26%        N/A       54%         4
 Confusing Touch          Hex            7%         N/A       67%         3
 Conjure Flame            Conj/Fire      7%         6-21      67%         3
 Dazzling Flash           Conj/Hex       14%        N/A       67%         3
 Frozen Ramparts          Ice            14%        1d3       67%         3
 Gell's Gravitas          Tloc           7%         N/A       67%         3
 Ignite Poison            Fire/Tmut/Pois 7%         N/A       67%         3
 Lesser Beckoning         Tloc           7%         N/A       67%         3
 Ozocubu's Armour         Ice            7%         N/A       67%         3
 Portal Projectile        Hex/Tloc       14%        N/A       67%         3
 Teleport Other           Tloc           7%         N/A       67%         3
 Tukima's Dance           Hex            7%         N/A       67%         3
 Vampiric Draining        Necr           7%         2d6       67%         3
 Animate Dead             Necr           3%         N/A       97%         4
 Dispel Undead            Necr           7%         3d8       97%         4
 Fulminant Prism          Conj/Hex       3%         3d6       97%         4
 Hailstorm                Conj/Ice       7%         3d4       97%         4
 Ice Form                 Ice/Tmut       7%         N/A       97%         4
 Iskenderun's Mystic Bla  Conj/Tloc      7%         2d4       97%         4
 Passage of Golubria      Tloc           7%         N/A       97%         4
 Sticky Flame             Conj/Fire      7%         2d3       97%         4
 Agony                    Necr           7%         N/A       100%        5
 Alistair's Intoxication  Tmut/Pois      4%         N/A       100%        5
 Blade Hands              Tmut           3%         N/A       100%        5
 Excruciating Wounds      Necr           3%         N/A       100%        5
 Fireball                 Conj/Fire      3%         3d4       100%        5
 Freezing Cloud           Conj/Ice/Air   3%         6-21      100%        5
 Iskenderun's Battlesphe  Conj           7%         2d6       100%        5
 Metabolic Englaciation   Hex/Ice        3%         N/A       100%        5
 Silence                  Hex/Air        3%         N/A       100%        5
 Yara's Violent Unravell  Hex/Tmut       3%         3d4       100%        5
 Conjure Ball Lightning   Conj/Air       3%         3x3d6     100%        6
 Death Channel            Necr           3%         N/A       100%        6
 Simulacrum               Ice/Necr       3%         N/A       100%        6
 Statue Form              Tmut/Erth      17%        N/A       100%        6
 Malign Gateway           Summ/Tloc      3%         N/A       100%        7
 Orb of Destruction       Conj           3%         9d5       100%        7
 Ozocubu's Refrigeration  Ice            3%         4d5       100%        7
 Summon Hydra             Summ           3%         N/A       100%        7
 Lehudib's Crystal Spear  Conj/Erth      13%        10d4      100%        8
 Summon Horrible Things   Summ           3%         N/A       100%        8


Dungeon Overview and Level Annotations

Branches:
Dungeon (15/15)            Temple (0/1) D:5            Lair (6/6) D:10
 Shoals (4/4) Lair:4       Spider (4/4) Lair:2        Slime (0/5) Lair:5
    Orc (2/2) D:12            Elf (3/3) Orc:2        Vaults (1/5) D:13
 Depths (0/4) D:15          Sewer (visited)           IceCv (visited)
Volcano (visited)

Shops:
D:7 *:[*:   D:8 *   Orc:2 =(?(*   Elf:1 *   Elf:2 *   Shoals:1 [   Shoals:4 :

Portals:
Abyss: D:9

Annotations:
D:9 2 runed translucent doors
Vaults:1 Asterion


Innate Abilities, Weirdness & Mutations

You have an increased reservoir of magic. (+10% MP)
You shall have no god before yourself.
Your divine heritage dramatically boosts your attributes as you level up.
You tend to lose your temper in combat.
Your system is resistant to poisons. (rPois)


Message History

You slice Asterion!!
Asterion is almost dead.
You slice the blizzard demon!!
The blizzard demon's magic leaks into the air.
Asterion completely misses you. You block Asterion's attack.
The blizzard demon falters for a moment.
Unknown command.
Unknown command.
You barely miss Asterion.
Asterion furiously retaliates!
Asterion headbutts you, but does no damage.
Asterion is almost dead.
You barely miss the blizzard demon.
Asterion conjures a destructive force in the name of Makhleb!
The bolt of lightning misses you.
Unknown command.
Unknown command.
Asterion blocks your attack.
Asterion is almost dead.
You hit the blizzard demon.
The blizzard demon's magic leaks into the air.
Asterion hits you with a +4 demon trident of electrocution!
Asterion gores you! The blizzard demon closely misses you.
The blizzard demon misses you.
Asterion hits you with a +4 demon trident of electrocution!!!
* * * LOW HITPOINT WARNING * * *
Asterion closely misses you.
Unknown command.
Unknown command.
Unknown command.
Unknown command.
Unknown command.
Unknown command.
You hit Asterion but do no damage.
Asterion is almost dead.
You hit the blizzard demon but do no damage.
The blizzard demon waves its arms in wide circles.
The air twists around and strikes you!
* * * LOW HITPOINT WARNING * * *
Asterion hits you with a +4 demon trident of electrocution!!
You die...

*,,********,,*,***,,***,**,
*,,*,,,,,,*..#***,,,,******
*,,*,,,,,,*..# *,,,,,,* *,
*******,,*,,,,,,*..# *,,,,,,* ***
,,,,,,*,,*,,,,,,*..#***,,,,****,*
,,,,,,#,,*,,,,,,#..#,***,,***,*,,
,,,,,,#.,+,,,,,,#..+,,**,,***,*,,
,,,,,,#..########H.#,,,*,,*,,,*,,
,,,,,,#.........@2.#,,,+,,+,,,*..
,,,,,,#.........!..#,,***+**,,#..
,,,,,,#............#,***,,***,#..
,,,,,,#............#***,,,,***#..
,,,,,,+............# *,,,,,,* #..
,,,,,,#............############..
,,,,,,#....................).)...
,,,,,,#....................))....
,,,,,,#..........................


You could see Asterion (fast, strong) and a blizzard demon (summoned, magic
disrupted).

Vanquished Creatures
  Rupert (Spider:1)
  2 deep elf master archers (Elf:3)
  4 deep elf blademasters
  The ghost of Selrock the Peltast, an adept DsBe of Trog (Elf:2)
  A kraken (Shoals:3)
  Frances (Elf:1)
  Kirke (Spider:3)
  Ilsuiw (Shoals:3)
  A frost giant (IceCv)
  The ghost of Atuuduag the Warrior, a journeyman OgGl of the Shining One (D:14)
  A ghost moth (Spider:2)
  5 deep elf sorcerers (Elf:3)
  4 emperor scorpions
  2 vault wardens (Vaults:1)
  Louise (Shoals:3)
  Aizul (Elf:1)
  An orc warlord (Vaults:1)
  2 deep elf elementalists (Elf:3)
  5 broodmothers
  5 ironbound preservers (Vaults:1)
  3 deep elf annihilators
  7 entropy weavers
  4 dire elephants (Vaults:1)
  4 spark wasps (Spider:4)
  7 deep elf demonologists (Elf:3)
  A minotaur (Lair:2)
  An eleionoma (Spider:4)
  11 merfolk impalers
  4 deep elf high priests (Elf:3)
  6 deep elf death magi (Elf:3)
  8 merfolk javelineers
  Josephine (Lair:4)
  14 boulder beetles
  An ice dragon (D:11)
  Erolcha (D:9)
  The ghost of bande the Cleaver, a journeyman GrFi of Okawaru (Lair:2)
  2 great orbs of eyes (Vaults:1)
  4 radroaches
  4 alligator snapping turtles
  5 vault guards
  2 jorogumos
  4 merfolk avatars
  5 hydras
  6 catoblepae
  15 centaur warriors
  2 merfolk aquamancers (Shoals:4)
  34 death yaks
  3 satyrs
  A death knight (D:14)
  27 dancing weapons
  14 two-headed ogres
  2 orc high priests
  4 tengu warriors
  A death scarab (Spider:2)
  The ghost of OTABOTABOTAB the Cutter, a journeyman VSFi of Uskayaw (D:8)
  Nergalle (Lair:4)
  18 deep elf knights
  Lodul (D:14)
  9 pharaoh ants
  A spark wasp zombie (D:15)
  A goliath frog (Spider:3)
  A skeletal warrior (D:13)
  8 orb spiders
  10 sea snakes
  9 steelbarb worms
  4 deep trolls
  A flayed ghost (D:15)
  Pikel (D:7)
  A shadow dragon zombie (D:15)
  18 harpies
  11 deep elf archers
  A wizard (D:15)
  3 ironbound convokers (Vaults:1)
  A necromancer (D:15)
  5 orc sorcerers
  10 ugly things
  25 deep elf zephyrmancers
  20 manticores
  12 orc knights
  22 deep elf pyromancers
  9 cyclopes
  6 fauns
  2 salamanders (Volcano)
  4 moths of wrath
  21 wolf spiders
  A vault sentinel (Vaults:1)
  A manticore (shapeshifter) (Spider:3)
  10 black mambas
  5 elephants (Lair:4)
  A frost giant skeleton (D:15)
  5 torpor snails
  10 merfolk sirens
  An ice statue (IceCv)
  13 water nymphs
  13 cane toads
  7 rime drakes
  An unseen horror (D:10)
  6 komodo dragons
  9 demonic crawlers
  A gargoyle (D:11)
  An efreet (D:14)
  2 tengu conjurers
  A freezing wraith (D:15)
  A yaktaur (Vaults:1)
  2 guardian mummies (D:15)
  2 trolls (shapeshifter) (D:14)
  5 trolls
  18 tarantellas
  4 wind drakes
  12 meliai
  9 polar bears
  31 merfolk
  A tarantella (shapeshifter) (D:15)
  A hornet (Lair:2)
  7 blink frogs
  A wind drake (shapeshifter) (Elf:1)
  31 slime creatures
  15 snapping turtles
  A dream sheep (shapeshifter) (Elf:1)
  2 dream sheep (Shoals:4)
  22 jumping spiders
  16 water elementals
  5 air elementals
  55 yaks
  23 culicivoras
  Sigmund (D:3)
  A spriggan skeleton (D:15)
  6 wraiths
  3 vampires
  3 wyverns
  4 shadows
  A hog (Spider:3)
  A basilisk (shapeshifter) (Elf:1)
  3 fire elementals
  61 redbacks
  A basilisk (D:12)
  4 steam dragons
  3 fire bats (Volcano)
  13 wargs
  A naga (shapeshifter) (D:14)
  4 swamp worms (Lair:4)
  3 acid dragons
  2 hell hounds (Lair:2)
  15 water moccasins
  46 orc warriors
  An ice beast (D:6)
  A sky beast (D:8)
  4 black bears
  A tengu (D:8)
  A wolf (shapeshifter) (D:15)
  8 ogres
  A boggart (Vaults:1)
  31 wolves
  21 centaurs
  2 lemures
  2 phantoms
  A kobold brigand (D:10)
  10 bullfrogs
  3 gnoll sergeants
  2 scorpions (D:7)
  5 necrophages
  2 earth elementals
  10 wights
  12 killer bees
  4 electric eels
  6 howler monkeys
  4 jellies
  18 orc priests
  Jessica (D:2)
  4 iguanas
  Ijyb (D:3)
  26 orc wizards
  18 gnolls
  8 adders
  A white imp (D:6)
  3 worms
  3 dart slugs
  119 orcs
  10 ball pythons
  15 endoplasms
  8 giant cockroaches
  8 goblins
  8 hobgoblins
  13 kobolds
  17 quokkas
  5 bats
  9 frilled lizards
  6 rats
  3 tentacles (Shoals:3)
1451 creatures vanquished.

Vanquished Creatures (collateral kills)
  A dancing weapon (Elf:2)
1 creature vanquished.

Vanquished Creatures (others)
  A boulder beetle (Spider:2)
  2 merfolk sirens (Shoals:3)
  A water nymph (Shoals:3)
  A jumping spider (Spider:2)
  3 humans (Spider:3)
  A redback (Spider:3)
  An orc priest (Orc:2)
  An orc (D:12)
  A bush (Lair:4)
  32 fungi
  149 plants
  14 tentacles (Shoals:3)
  5 withered plants (D:15)
212 creatures vanquished.

Grand Total: 1664 creatures vanquished

Notes
Turn   | Place    | Note
-------+----------+-------------------------------------------
     0 | D:1      | drugrobin the Demigod Fighter began the quest for the Orb.
     0 | D:1      | Reached XP level 1. HP: 18/18 MP: 3/3
   176 | D:1      | Upgraded the game from 0.29-a0-334-gb41bcbb86e to
                  | 0.29-a0-352-g0917bc69df
   411 | D:1      | Reached XP level 2. HP: 25/25 MP: 4/4
  1049 | D:2      | Reached XP level 3. HP: 17/31 MP: 5/5
  1321 | D:2      | Noticed Jessica
  1331 | D:2      | Killed Jessica
  1472 | D:2      | Reached XP level 4. HP: 38/38 MP: 6/6
  1903 | D:3      | Noticed Sigmund
  2404 | D:3      | Identified the +2 robe "Beanidgh" {Regen+}
  2560 | D:4      | Reached XP level 5. HP: 46/46 MP: 7/7
  2778 | D:4      | HP: 2/46 [orc/+0 trident (5)]
  2783 | D:4      | HP: 1/46 [orc/+0 trident (3)]
  3328 | D:3      | Noticed Ijyb
  3364 | D:3      | Killed Ijyb
  3365 | D:3      | Reached skill level 5 in Axes
  3479 | D:4      | Identified a scroll of acquirement
  3480 | D:4      | Acquired 943 gold pieces
  3685 | D:3      | Killed Sigmund
  3686 | D:3      | Reached XP level 6. HP: 29/53 MP: 8/8
  4134 | D:5      | Entered Level 5 of the Dungeon
  4435 | D:5      | Found a staircase to the Ecumenical Temple.
  4594 | D:5      | Found a glowing drain.
  4598 | Sewer    | Entered a sewer
  4974 | Sewer    | Reached XP level 7. HP: 60/60 MP: 9/9
  4994 | Sewer    | Reached skill level 5 in Fighting
  5245 | D:5      | Noticed a steam dragon
  5261 | D:5      | Killed a steam dragon
  6327 | D:6      | Reached XP level 8. HP: 70/70 MP: 10/10
  7304 | D:7      | Found Rat Oss's General Store.
  7307 | D:7      | Found Dagabate's Antique Armour Shoppe.
  7337 | D:7      | Bought a brightly glowing robe for 176 gold pieces
  7337 | D:7      | Identified the +1 robe of the Depths {Dex+4} (You bought it
                  | in a shop on level 7 of the Dungeon)
  7337 | D:7      | Bought a glowing scale mail for 217 gold pieces
  7365 | D:7      | Found Liryv's Self-Improvement Boutique.
  7579 | D:7      | Bought a scroll of amnesia for 45 gold pieces
  7583 | D:7      | Found Fooku's Book Boutique.
  7995 | D:7      | Found Enoalutt's Assorted Antiques.
  7998 | D:7      | Bought a scroll labelled UQUNGIANULU for 23 gold pieces
  7998 | D:7      | Bought a scroll labelled BAISOC PUHO for 23 gold pieces
  7998 | D:7      | Bought a dark potion for 20 gold pieces
  7998 | D:7      | Bought a scroll labelled BAISOC PUHO for 23 gold pieces
  8344 | D:7      | Reached XP level 9. HP: 22/79 MP: 11/11
  8971 | D:8      | Noticed Maurice
  9296 | D:8      | Reached skill level 10 in Axes
  9435 | D:8      | Found a runed translucent door.
  9435 | D:8      | Noticed OTABOTABOTAB's ghost (journeyman VSFi)
  9865 | D:8      | Noticed Pikel
  9924 | D:7      | Killed Pikel
 10201 | D:8      | Found a large runed translucent door.
 10202 | D:8      | Found a large runed translucent door.
 10206 | D:8      | Noticed Maurice
 10206 | D:8      | Maurice changed into Maurice the tengu
 10219 | D:8      | Killed Maurice the tengu
 10514 | D:8      | Killed OTABOTABOTAB's ghost
 10515 | D:8      | Reached XP level 10. HP: 80/90 MP: 13/13
 11090 | D:8      | Found Hihud's General Store.
 11306 | D:8      | Bought a scroll of teleportation for 36 gold pieces
 11306 | D:8      | Bought a potion of curing for 36 gold pieces
 11357 | D:9      | Noticed Erolcha
 12016 | D:10     | Entered Level 10 of the Dungeon
 12054 | D:10     | Noticed a death yak
 12063 | D:10     | Noticed a death yak
 12063 | D:10     | Noticed a death yak
 12065 | D:10     | Noticed a death yak
 12065 | D:10     | Noticed a death yak
 12066 | D:10     | Noticed a death yak
 12603 | D:9      | Killed a death yak
 12604 | D:9      | Reached skill level 1 in Evocations
 13169 | D:10     | Killed a death yak
 13631 | D:9      | Killed a death yak
 13759 | D:9      | Killed a death yak
 13819 | D:9      | Reached XP level 11. HP: 77/97 MP: 14/14
 13970 | D:10     | Killed a death yak
 14202 | D:9      | Found a large runed translucent door.
 14203 | D:9      | Found a large runed translucent door.
 14260 | D:9      | Identified the +9 dagger of Spring {distort, rElec rC+}
 14334 | D:9      | Killed a death yak
 14680 | D:9      | Found a one-way gate to the infinite horrors of the Abyss.
 14735 | D:9      | Killed Erolcha
 15068 | D:9      | Reached skill level 10 in Fighting
 15619 | D:10     | Found a staircase to the Lair.
 15892 | Lair:1   | Entered Level 1 of the Lair of Beasts
 16329 | Lair:1   | Reached skill level 5 in Evocations
 16976 | Lair:1   | Identified the +0 robe "Qelicleo" {*Corrode +Blink Int+4}
 17201 | Lair:2   | Found a dark tunnel.
 17238 | Volcano  | Entered a volcano
 17267 | Volcano  | Noticed a two-headed ogre
 17273 | Volcano  | Killed a two-headed ogre
 17448 | Volcano  | Noticed a two-headed ogre
 17448 | Volcano  | Noticed a two-headed ogre
 17474 | Volcano  | Killed a two-headed ogre
 17475 | Volcano  | Reached XP level 12. HP: 59/108 MP: 11/15
 17600 | Volcano  | Killed a two-headed ogre
 18891 | Lair:2   | Found a runed translucent gate.
 18891 | Lair:2   | Noticed a four-headed hydra
 18892 | Lair:2   | Found a runed translucent gate.
 18892 | Lair:2   | Found a runed translucent gate.
 18897 | Lair:2   | Noticed bande's ghost (journeyman GrFi)
 18897 | Lair:2   | Noticed a minotaur
 18900 | Lair:2   | Noticed a boulder beetle
 18919 | Lair:2   | Killed a boulder beetle
 19105 | Lair:2   | Killed bande's ghost
 19106 | Lair:2   | Reached skill level 15 in Axes
 19370 | Lair:2   | Found a hole to the Spider Nest.
 19492 | Lair:1   | Killed a four-headed hydra
 19814 | Lair:2   | Killed a minotaur
 22238 | Lair:4   | Noticed Josephine
 22238 | Lair:4   | Noticed Nergalle
 22273 | Lair:4   | Killed Nergalle
 22279 | Lair:4   | Killed Josephine
 22778 | Lair:4   | Reached XP level 13. HP: 87/117 MP: 16/16
 23309 | Lair:4   | Found a staircase to the Shoals.
 25423 | Lair:5   | Found a staircase to the Slime Pits.
 27198 | Lair:6   | Entered Level 6 of the Lair of Beasts
 28073 | Lair:6   | Identified the +8 spear of Guloj {holy, Int+5}
 29550 | Lair:6   | Reached XP level 14. HP: 120/127 MP: 15/17
 31289 | Lair:1   | Identified the +5 falchion of Verdant Defiance {flame,
                  | *Rage Fly Will+ MP+9}
 31475 | D:11     | Found a frozen archway.
 31484 | D:11     | Reached skill level 10 in Evocations
 31766 | IceCv    | Entered an ice cave
 33190 | IceCv    | Noticed a frost giant
 33212 | IceCv    | Killed a frost giant
 33452 | IceCv    | Reached skill level 5 in Armour
 33593 | IceCv    | Got the Collected Works on the Snowflakes
 35744 | D:12     | Found a staircase to the Orcish Mines.
 36212 | Orc:1    | Entered Level 1 of the Orcish Mines
 36857 | Orc:2    | Entered Level 2 of the Orcish Mines
 37780 | Orc:2    | Found Luufir's CLEARANCE SALE!.
 37792 | Orc:2    | Found a staircase to the Elven Halls.
 38613 | Orc:2    | Reached XP level 15. HP: 57/136 MP: 13/18
 39235 | Orc:2    | Paralysed by an orc sorcerer for 2 turns
 39459 | Orc:2    | Found Keadeihai's Jewellery Shop.
 39459 | Orc:2    | Found Nahup's Weapon Shoppe.
 40034 | Orc:2    | Found Ofosiphaomo's Magic Scroll Shop.
 40034 | Orc:2    | Found Iseowole's Weapon Shoppe.
 40040 | Orc:2    | Bought a scroll of identify for 28 gold pieces
 40040 | Orc:2    | Bought a scroll of torment for 105 gold pieces
 40040 | Orc:2    | Bought a scroll of identify for 28 gold pieces
 40040 | Orc:2    | Bought a scroll of identify for 28 gold pieces
 40040 | Orc:2    | Bought a scroll of silence for 105 gold pieces
 40040 | Orc:2    | Bought a scroll of teleportation for 42 gold pieces
 40052 | Orc:2    | Bought a +2 spear of venom for 202 gold pieces
 40273 | Orc:2    | Bought the ring "Keomn" {rElec rPois Str+6 Dex+5} for 1046
                  | gold pieces
 40873 | D:13     | Found a gate to the Vaults.
 41205 | D:14     | Found a transporter.
 41208 | D:14     | Found a transporter.
 41209 | D:14     | Noticed Atuuduag's ghost (journeyman OgGl)
 41605 | D:12     | Reached skill level 15 in Fighting
 44353 | D:14     | Noticed Lodul
 44368 | D:14     | Killed Lodul
 45537 | D:14     | Killed Atuuduag's ghost
 46059 | D:15     | Entered Level 15 of the Dungeon
 46411 | D:15     | Reached skill level 10 in Armour
 46682 | D:15     | Found a staircase to the Depths.
 46751 | D:15     | HP: 7/144 [deep elf archer/arrow (8)]
 47116 | D:15     | Reached XP level 16. HP: 115/152 MP: 6/19
 47789 | Elf:1    | Entered Level 1 of the Elven Halls
 47792 | Elf:1    | Paralysed by an air elemental for 1 turns
 47797 | Elf:1    | Paralysed by an air elemental for 1 turns
 47802 | Elf:1    | Paralysed by an air elemental for 1 turns
 48070 | Elf:1    | Found Bimyoxzyas's General Store.
 48197 | Elf:1    | Noticed Aizul
 48217 | Elf:1    | Killed Aizul
 48397 | Elf:1    | Noticed Frances
 48411 | Elf:1    | Killed Frances
 49063 | Elf:2    | Paralysed by an air elemental for 1 turns
 49071 | Elf:2    | Paralysed by an air elemental for 1 turns
 49074 | Elf:2    | Paralysed by an air elemental for 1 turns
 49625 | Spider:1 | Entered Level 1 of the Spider Nest
 49711 | Spider:1 | Noticed Rupert
 49750 | Spider:1 | Killed Rupert
 49959 | Spider:1 | You fall into a shaft and drop 1 floor!
 50645 | Spider:1 | Gained mutation: Your system is resistant to poisons.
                  | (rPois) [mutagenic glow]
 51946 | Spider:1 | Gained mutation: You tend to lose your temper in combat.
                  | [mutagenic glow]
 52781 | Spider:3 | Noticed Kirke
 52783 | Spider:3 | Reached XP level 17. HP: 134/163 MP: 20/20
 52805 | Spider:3 | Killed Kirke
 54516 | Spider:4 | Entered Level 4 of the Spider Nest
 54923 | Spider:4 | Paralysed by a jorogumo for 1 turns
 55233 | Orc:2    | Bought a ring of flight for 210 gold pieces
 55419 | Shoals:1 | Entered Level 1 of the Shoals
 55951 | Shoals:1 | Found Kuggai's Antique Armour Shop.
 55961 | Shoals:1 | Bought a pair of embroidered boots for 262 gold pieces
 56013 | Shoals:1 | Identified the ring "Udyhudo" {Ice rElec Will- rCorr Int+2}
 58264 | Shoals:3 | Noticed Ilsuiw
 58264 | Shoals:3 | Noticed Louise
 58680 | Shoals:3 | Killed Louise
 58745 | Shoals:3 | Reached skill level 15 in Armour
 59096 | Shoals:3 | Found Aleoghum's Antique Armour Boutique.
 59105 | Shoals:3 | Bought a transparent cloak for 408 gold pieces
 59105 | Shoals:3 | Identified the +1 cloak "Dyipan" {rC+ rN+++ Will-} (You
                  | bought it in a shop on level 3 of the Shoals)
 60003 | Shoals:3 | Killed Ilsuiw
 60401 | Shoals:4 | Entered Level 4 of the Shoals
 60530 | Shoals:4 | Identified the amulet "Doubudes" {Spirit Str+4}
 60607 | Shoals:4 | Reached XP level 18. HP: 146/178 MP: 7/21
 60789 | Shoals:4 | Identified the +4 scale mail of Ennui {Harm rElec Str+2}
 61062 | Shoals:4 | Identified the +2 trident of the Destroying Lamprey {chaos,
                  | Dex+4}
 61235 | Shoals:4 | Found Piclyero's Book Boutique.
 61831 | Shoals:4 | HP: 8/178 [satyr/arrow (24)]
 62293 | Shoals:4 | Identified the +6 war axe "Sutovuri" {pain, rElec rF- rC+}
 62997 | Shoals:4 | Got a barnacled rune of Zot
 63339 | D:7      | Bought a manual of Armour for 880 gold pieces
 65445 | Spider:4 | Noticed Arachne
 65609 | Spider:4 | Noticed Arachne
 65609 | Spider:4 | Arachne changed into Arachne the eleionoma
 65612 | Spider:4 | Killed Arachne the eleionoma
 65850 | Spider:4 | Paralysed by a jorogumo for 3 turns
 66118 | Spider:4 | Got a gossamer rune of Zot
 66129 | Spider:4 | Identified the +0 pair of boots of the Heron {Regen+ Dex+5}
 66638 | Elf:2    | Found Murugg's General Store.
 66646 | Elf:2    | Bought 5 curare-tipped darts for 54 gold pieces
 66646 | Elf:2    | Bought a +2 cloak for 297 gold pieces
 66674 | Elf:2    | Found a runed translucent gate.
 66674 | Elf:2    | Found a runed translucent gate.
 66674 | Elf:2    | Found a runed translucent gate.
 66675 | Elf:2    | Noticed Selrock's ghost (adept DsBe)
 66717 | Elf:2    | Killed Selrock's ghost
 67065 | Elf:2    | Found a huge runed translucent gate.
 67065 | Elf:2    | Found a huge runed translucent gate.
 67065 | Elf:2    | Found a huge runed translucent gate.
 67065 | Elf:2    | Found a huge runed translucent gate.
 67066 | Elf:2    | Found a huge runed translucent gate.
 68145 | Elf:2    | Reached XP level 19. HP: 154/185 MP: 7/22
 68325 | Elf:3    | Entered Level 3 of the Elven Halls
 68534 | Elf:3    | Learned a level 5 spell: Borgnjor's Vile Clutch
 68587 | Elf:3    | Reached skill level 1 in Spellcasting
 68749 | Elf:3    | Reached skill level 1 in Earth Magic
 69689 | Elf:3    | Identified the +7 flail "Xefauh Uwk" {flame, Str-3 Int+5}
 69969 | Elf:3    | Identified the +5 ring mail of the Moon Troll {rF+ Str+3}
 70063 | Elf:3    | Identified the ring of Divine Compulsion {rElec rC+ Int+2}
 70590 | Elf:3    | Found the +2 cloak of the Thief {*Fog Slay-2 SInv Stlth+}
 70659 | Elf:3    | Identified the +2 leather armour of the Tundras {-Tele
                  | Rampage rCorr}
 70761 | Elf:3    | Identified the +6 bardiche of the Pit {freeze, *Noise rPois
                  | Str+6}
 70991 | Elf:3    | Reached skill level 5 in Earth Magic
 71616 | Vaults:1 | Entered Level 1 of the Vaults
 71638 | Vaults:1 | Reached skill level 5 in Spellcasting
 71833 | Vaults:1 | Found a flickering gateway to a bazaar.
 71847 | Bazaar   | Entered a bazaar
 71851 | Bazaar   | Found Ystast's Jewellery Boutique.
 71869 | Bazaar   | Found Seplozept's Antique Armour Emporium.
 71886 | Bazaar   | Found Nisojul's Book Boutique.
 71903 | Bazaar   | Found Ipseast's Antique Weapon Shoppe.
 71940 | Bazaar   | Bought a jewelled plate armour for 840 gold pieces
 71940 | Bazaar   | Identified the +0 plate armour of Hide-and-Seek {Dex+4}
                  | (You bought it in a shop in a bazaar)
 72136 | Vaults:1 | Paralysed by a great orb of eyes for 7 turns
 72361 | Vaults:1 | Noticed Asterion
 72378 | Vaults:1 | Mangled by Asterion

Illustrated notes

Levels and vault maps discovered:
D:1:      evilmike_arrival_hilbert_curve, layout_loops_ring,
          dreamdust_ecumenical_altar_hidden_monk_grotto, minmay_hexomino_f4
D:2:      layout_rooms, minmay_misc_feat_roman, uniq_jessica
D:3:      layout_loops_ring, lemuel_coloured_pillars_altar,
          dreamdust_wishing_well, minmay_unequal, uniq_sigmund, uniq_ijyb
D:4:      layout_basic, minmay_misc_feat_square, minmay_misc_feat_ornament,
          minmay_misc_feat_tower
D:5:      lemuel_ice_spiral_2, layout_basic, minmay_temple_entry_large_hall,
          gup_sewer_entry_spiral, minmay_misc_feat_cross
D:6:      layout_layer_cave
D:7:      layout_basic, nicolae_vehumet_altar_sigil, serial_shops,
          nicolae_shop_behind_doors, shop, nicolae_diamond_shop,
          nicolae_shop_advertising_works [nicolae_subvault_shop_adworks],
          kennysheep_decorative_pillar, nicolae_shop_self_help
D:8:      layout_cave_pods, xom_teletrap_fun, jmf_multi_god_temple2,
          hellmonk_ghost_happy_afterlife, serial_shops, nicolae_take_the_stairs,
          uniq_pikel, uniq_maurice
D:9:      due_chaos_kobolds, layout_basic,
          grunt_temple_overflow_forces_of_nature,
          mainiacjoe_overflow_surrounded_room, lightli_minifort, uniq_erolcha
D:10:     layout_rooms, mainiacjoe_overflow_alcove_4,
          mainiacjoe_overflow_brackets, dpeg_lair_monsters
D:11:     layout_basic, portal_ice_cave_entry_animals_and_master
D:12:     layout_layer_cave, hiddenorc1_lemuel, minmay_misc_feat_nine_boxes
D:13:     layout_basic, lightli_vaults_fourway_checkpoint, nooodl_orcs_dogs
D:14:     layout_irregular_city, gammafunk_ghost_wrathful_warriors,
          nicolae_ru_the_path_less_chosen, uniq_lodul
D:15:     gammafunk_depths_entry_grave, layout_basic, grunt_qazlal_clouds,
          nrook_pool_corridor, minmay_bent
Lair:1:   layout_hall_layers, nicolae_lair_lil_pond, dpeg_stationary_puzzle,
          infiniplex_staircase_pool_2
Lair:2:   layout_cave_pods, spider_nest_entry_webs, enter_volcano_3,
          maelrawn_ghost_gauntlet_escape, nzn_masters_of_martial_movement,
          grunt_megastairs_4
Lair:3:   layout_regular_city
Lair:4:   layout_cave_pods, minmay_shoals_entry_beasts, worms_lemuel,
          uniq_nergalle, uniq_josephine
Lair:5:   layout_cave_pods, minmay_slime_entry_pillars, grunt_megastairs_3,
          serial_bayou_shore_b, infiniplex_staircase_pool
Lair:6:   evilmike_catoblepas_cave, layout_big_grid, basic_altar
Shoals:1: layout_shoals, serial_shops, nicolae_diamond_shop
Shoals:2: layout_shoals
Shoals:3: layout_shoals, serial_shops, shop, uniq_ilsuiw, uniq_louise
Shoals:4: shoals_end_simple, layout_shoals, serial_shops, nicolae_shop_trees
Spider:1: layout_chambers, drop_trap, uniq_rupert
Spider:2: layout_spider_delve, hangedman_stitches_earthworm
Spider:3: layout_chambers, nicolae_spider_cling_halls, uniq_kirke
Spider:4: hellmonk_spider_rune_bug_friends, uniq_arachne
Orc:1:    layout_caves
Orc:2:    st_orc_town, layout_diamond_mine, nicolae_shop_clearance
Elf:1:    nicolae_elf_arrival_aired_out, layout_onion_city, serial_shops,
          nicolae_shop_waterfront, uniq_aizul, uniq_frances
Elf:2:    elven_hall_of_blades_hangedman_alternative
          [nicolae_blade_little_rooms], layout_geoelf_grid,
          ebering_ghost_rock_garden, serial_shops, nicolae_square_shop
Elf:3:    minmay_elf_hall_quartered_circle, layout_geoelf_castle, minivault_5
Vaults:1: nicolae_vaults_circle_grid_a, vaults_room_glass_cross,
          hangedman_vaults_cutoff, hangedman_vaults_hat, grunt_vaults_bifocal,
          hangedman_vaults_nails, ontoclasm_vaults_pinch,
          nicolae_vaults_asterisk, vaults_dpeg_cross, ontoclasm_vaults_eye,
          layout_vaults_big_room, serial_shops, bzr_entry_gold, uniq_asterion

Skill      XL: |  1  2  3  4  5  6  7  8  9 10 11 12 13 14 15 16 17 18 19 |
---------------+----------------------------------------------------------+-----
Axes           | 2 3 4 5 6 7 9 11 12 14 15 17 18 | 18.0
Fighting       | 3 4 5 7 8 9 10 11 12 14 16 18 19 20 | 20.0
Evocations     | 3 6 7 9 10 | 10.0
Armour         | 6 10 13 15 20 | 20.4
Spellcasting   | 6 |  6.0
Earth Magic    | 7 |  7.6
Shields        | |  2.6

Action                   |  1- 3 |  4- 6 |  7- 9 | 10-12 | 13-15 | 16-18 | 19-21 || total
-------------------------+-------+-------+-------+-------+-------+-------+-------++-------
Melee: War axe           |    74 |   128 |   225 |   623 |  1677 |  1567 |   151 ||  4445
       Mace              |       |   177 |   122 |       |       |       |       ||   299
       Whip              |       |    23 |   107 |    72 |   135 |       |       ||   337
       Spear             |       |       |       |       |    69 |    26 |       ||    95
       Falchion          |       |       |       |       |    26 |       |       ||    26
       Broad axe         |       |       |       |       |   143 |   908 |   333 ||  1384
       Hand axe          |       |       |       |       |       |       |    11 ||    11
Throw: Dart              |     4 |    14 |    14 |    13 |     4 |    16 |     8 ||    73
       Throwing net      |       |       |       |     1 |       |       |       ||     1
       Boomerang         |       |       |       |     6 |    28 |       |       ||    34
Evoke: Wand              |       |       |     1 |    26 |    13 |    24 |     1 ||    65
       Phial of floods   |       |       |       |       |     2 |     2 |       ||     4
       Phantom mirror    |       |       |       |       |       |     1 |     1 ||     2
       Box of beasts     |       |       |       |       |       |       |     1 ||     1
       Condenser vane    |       |       |       |       |       |       |     1 ||     1
  Use: Potion            |       |     7 |     1 |     3 |     4 |     2 |     1 ||    18
       Scroll            |       |     7 |     4 |     6 |    17 |     7 |     1 ||    42
 Stab: Paralysed         |       |       |       |     3 |       |       |       ||     3
       Invisible         |       |       |       |     1 |    20 |    15 |       ||    36
       Petrifying        |       |       |       |       |     3 |       |       ||     3
       Petrified         |       |       |       |       |     2 |     4 |       ||     6
       Distracted        |       |       |       |       |       |       |     1 ||     1
Armor: Scale mail        |    36 |    41 |   182 |   219 |       |       |    65 ||   543
       Robe              |       |    22 |       |       |       |       |       ||    22
       Skin              |       |     7 |       |       |       |       |       ||     7
       Chain mail        |       |    57 |   113 |       |       |       |       ||   170
       Plate armour      |       |       |       |   210 |  1240 |  1727 |   154 ||  3331
Dodge: Dodged            |    27 |   121 |   207 |   224 |   534 |   772 |   173 ||  2058
Block: Buckler           |    15 |    68 |    89 |   108 |   339 |   480 |   142 ||  1241
       Reflection        |       |       |       |       |       |       |    11 ||    11

Table legend: (Time is in decaauts)
 A = Elapsed time spent in this place.
 B = Non-inter-level travel time spent in this place.
 C = Inter-level travel time spent in this place.
 D = Time resting spent in this place.
 E = Time spent auto-exploring this place.
 F = Levels seen in this place.
 G = Mean time per level.
                   A        B        C        D        E       F      G
               +--------+--------+--------+--------+--------+-----+--------+
         Total |  71686 |  68015 |   3671 |  22701 |  26766 |  39 | 1838.1 |
       Dungeon |  27042 |  25472 |   1570 |   8474 |  11268 |  15 | 1802.8 |
          Lair |  14563 |  13686 |    877 |   5251 |   5902 |   6 | 2427.2 |
        Shoals |   7560 |   7381 |    179 |   2271 |   2671 |   4 | 1890.0 |
   Spider Nest |   8135 |   7678 |    457 |   2544 |   2729 |   4 | 2033.8 |
  Orcish Mines |   3816 |   3500 |    316 |   1671 |    867 |   2 | 1908.0 |
   Elven Halls |   6551 |   6280 |    271 |   1226 |   2167 |   3 | 2183.7 |
        Vaults |    514 |    514 |      0 |     66 |    100 |   1 |  514.0 |
        Bazaar |    135 |    135 |      0 |      0 |      0 |   1 |  135.0 |
         Sewer |    602 |    602 |      0 |     61 |    187 |   1 |  602.0 |
      Ice Cave |   1872 |   1872 |      0 |    856 |    547 |   1 | 1872.0 |
       Volcano |    890 |    890 |      0 |    278 |    326 |   1 |  890.0 |
               +--------+--------+--------+--------+--------+-----+--------+

Top non-repeatable levels by time:
  Lair:6: 3270 daAuts
    D:14: 3257 daAuts
   Elf:3: 3066 daAuts
     D:9: 3008 daAuts
Spider:3: 2940 daAuts
  Lair:4: 2906 daAuts
  Lair:2: 2878 daAuts
Shoals:3: 2685 daAuts
     D:7: 2417 daAuts
    D:12: 2354 daAuts
    D:13: 2283 daAuts
   Orc:2: 2151 daAuts
  Lair:5: 2134 daAuts
Spider:1: 2092 daAuts
     D:8: 2091 daAuts
